 Dungeon Crawl Stone Soup version 0.17-a0-1637-g5d65775 (webtiles) character file.

49 urechis the Cudgeler (level 3, -2/23 HPs)
             Began as a Tengu Berserker on Aug 7, 2015.
             Was a Follower of Trog.
             Killed from afar by karlkraus's ghost (5 damage)
             ... with a magic dart
             ... on level 3 of the Dungeon.
             The game lasted 00:01:47 (2068 turns).

urechis the Cudgeler (Tengu Berserker)              Turns: 2068, Time: 00:01:47

Health: -2/23      AC:  2    Str: 17    XL:     3   Next: 75%
Magic:  4/4        EV: 12    Int:  7    God:    Trog [*.....]
Gold:   192        SH:  0    Dex: 14    Spells: 0 memorised, 2 levels left

rFire  + . .     SeeInvis .     a - +0 mace
rCold  . . .     Clarity  .     b - +0 animal skin
rNeg   . . .     SustAt   .     (no shield)
rPois  .         Gourm    .     (helmet restricted)
rElec  .         Spirit   .     (no cloak)
rCorr  .         Warding  .     (no gloves)
rMut   .         Stasis   .     (boots unavailable)
MR     .....                    (no amulet)
Stlth  +.........               (no ring)
                                j - ring of protection from fire

@: not resistant to hostile enchantments, very unstealthy
A: beak, talons 3
a: Burn Spellbooks, Berserk, Renounce Religion


You were on level 3 of the Dungeon.
You worshipped Trog.
Trog was aware of your devotion.
You were near starving.

You visited 1 branch of the dungeon, and saw 3 of its levels.

You collected 192 gold pieces.

Inventory:

Hand weapons
 a - a +0 mace (weapon)
Armour
 b - a +0 animal skin (worn)
Jewellery
 j - a ring of protection from fire (left hand)
 n - an uncursed ring of magical power {unknown}
 o - a cursed amulet of inaccuracy {unknown}
Scrolls
 d - 3 scrolls of identify {unknown}
 e - a scroll of amnesia {unknown}
 f - a scroll of blinking {unknown}
 l - a scroll of magic mapping {unknown}
 m - 3 scrolls of noise {unknown}
Potions
 g - a potion of might {unknown}
 h - 2 potions of lignification {unknown}
 i - a potion of resistance {unknown}
Comestibles
 c - a bread ration
 k - a beef jerky


   Skills:
 + Level 3.5 Fighting
 * Level 4.6 Maces & Flails
 - Level 2.1 Armour
 - Level 2.1 Dodging


You had 2 spell levels left.
You didn't know any spells.

Dungeon Overview and Level Annotations

Branches:
Dungeon (3/15)

Altars:
Ru
Beogh

Annotations:
D:3 karlkraus's ghost, average OpCj


Innate Abilities, Weirdness & Mutations

You have a beak for a mouth.
You have claws for feet.


Message History

The hobgoblin shouts!
Karlkraus's ghost (average Octopode Conjurer) comes into view.
You hit the hobgoblin. You claw the hobgoblin.
The hobgoblin is moderately wounded.
The hobgoblin hits you.
You thump the hobgoblin!
You kill the hobgoblin!
Trog accepts your kill.
Karlkraus's ghost completely misses you.
You see here a hobgoblin corpse.
Use which ability? (? or * to list) You're too hungry to go berserk.
Karlkraus's ghost stares at you and mumbles some strange words.
The magic dart hits you! Karlkraus's ghost casts a spell at you.
The magic dart hits you!
* * * LOW HITPOINT WARNING * * *
Karlkraus's ghost casts a spell at you. The magic dart hits you!
You die...

### #### #####..
....#### .......
.. .(...
.......#. ... #
?.......###.##.#
######.%........
[..(...<.......<
######...#.###.#
#.....)...@.#
#.####...#..# .
####.##.(# ..#
#....##..#...#
.##...W...# #
#.##..#...#
#.##..##.## #..#
.# #..# #


You could see karlkraus's ghost.

Vanquished Creatures
  An ooze (D:1)
  2 worms (D:2)
  3 giant geckos
  2 ball pythons
  3 giant cockroaches
  4 goblins
  3 hobgoblins
  A quokka (D:2)
  A bat (D:1)
  2 giant newts (D:1)
  7 jackals
  A kobold (D:2)
  2 rats
32 creatures vanquished.

Notes
Turn   | Place    | Note
--------------------------------------------------------------
     0 | D:1      | urechis the Tengu Berserker began the quest for the Orb.
     0 | D:1      | Reached XP level 1. HP: 14/14 MP: 2/2
    53 | D:1      | Reached XP level 2. HP: 8/19 MP: 3/3
    80 | D:1      | Found a roughly hewn altar of Beogh.
    80 | D:1      | Noticed an orc wizard
    80 | D:1      | Noticed an orc wizard
    80 | D:1      | Noticed an orc wizard
    80 | D:1      | Noticed an orc warrior
    84 | D:1      | Noticed an orc wizard
   268 | D:1      | Reached skill level 4 in Maces & Flails
   533 | D:1      | Reached XP level 3. HP: 16/23 MP: 4/4
  1148 | D:2      | Found a sacrificial altar of Ru.
  2061 | D:3      | Noticed karlkraus's ghost (average OpCj)
  2068 | D:3      | Killed from afar by karlkraus's ghost

Vault maps used:
D:1:      erik_arrival_cave_to_civilisation
D:2:      old_standard_altar
D:3:      lemuel_doored_altar, minmay_misc_feat_alley, glass_columns_b,
          uniq_jessica

Action                   || total
-------------------------++-------
Melee: Mace              ||    88
 Stab: Sleeping          ||     2
  Eat: Chunk             ||     2
